 Dungeon Crawl Stone Soup version 0.29-a0-1047-g7c58e119a4 (webtiles) character file.

Game seed: 15009982943598727228

34889 flotson the Fighter (level 13, -4/103 HPs)
             Began as a Demonspawn Delver on Aug 16, 2022.
             Was an Initiate of Gozag.
             Slain by an eight-headed hydra (12 damage)
             ... on level 4 of the Lair of Beasts.
             The game lasted 00:29:25 (14019 turns).

flotson the Fighter (Demonspawn Delver)            Turns: 14019, Time: 00:29:25

Health: -4/103     AC: 17    Str: 17    XL:     13   Next: 44%
Magic:  13/13      EV: 19    Int: 18    God:    Gozag
Gold:   2095       SH:  0    Dex: 14    Spells: 12/12 levels left

rFire   + . .      SeeInvis .   a - +9 morningstar "Divopt" {vorpal, Int+5}
rCold   . . .      Faith    .   s - orb {*Rage}
rNeg    + . .      Spirit   .   k - +1 acid dragon scales
rPois   .          Reflect  .   P - +2 hat "Rihal Pas" {Rampage *Corrode Dex+2}
rElec   .          Harm     .   M - +0 cloak
rCorr   +          Rampage  +   N - +0 pair of gloves
Will    .....      Rage     20% (boots unavailable)
Stlth   +++.......              F - amulet of regeneration
HPRegen 1.07/turn               n - +4 ring of evasion
MPRegen 0.13/turn               W - ring of Paranoia {Fly rF+ rN+ Dex-2 Stlth+}

@: flying
A: hooves 3, thin metallic scales 2, spiny 1
a: Renounce Religion, Potion Petition, Call Merchant, Bribe Branch


You were on level 4 of the Lair of Beasts.
You worshipped Gozag.
Gozag was most pleased with you.
You visited 3 branches of the dungeon, and saw 15 of its levels.
You also visited: Gauntlet and Volcano.

You collected 2441 gold pieces.
You spent 156 gold pieces at shops.
You paid 190 gold pieces to Gozag.

Inventory:

Hand Weapons
 a - the +9 morningstar "Divopt" (weapon) {vorpal, Int+5}
   (You found it on level 10 of the Dungeon)

   It inflicts extra damage upon your enemies.
   Int:       It affects your intelligence (+5).
 t - a +0 broad axe
Missiles
 m - 14 boomerangs
 y - 30 poisoned darts (quivered)
 Q - 6 javelins
 R - 4 throwing nets
 X - 2 silver boomerangs
Armour
 h - a +0 kite shield
 k - +1 acid dragon scales (worn)
 s - an orb of wrath (worn)
 M - a +0 cloak (worn)
 N - a +0 pair of gloves (worn)
 P - the +2 hat "Rihal Pas" (worn) {Rampage *Corrode Dex+2}
   (You found it in a Gauntlet)

   Dex:       It affects your dexterity (+2).
   *Corrode:  It may corrode you when you take damage.
   Rampage:   It bestows one free step when moving towards enemies.
 S - a +1 chain mail of cold resistance
 T - a +3 leather armour of fire resistance
Jewellery
 n - a +4 ring of evasion (left hand)
 z - the ring "Tudanotzuq" {Ice Will+ Dex+6}
   (You took it off a minotaur in a Gauntlet)

   [ring of ice]

   It enhances your ice magic.
   Dex:       It affects your dexterity (+6).
   rF:        It makes you vulnerable to fire.
   rC:        It protects you from cold.
   Will:      It increases your willpower.
 A - an amulet of reflection
 F - an amulet of regeneration (around neck)
 W - the ring of Paranoia (right hand) {Fly rF+ rN+ Dex-2 Stlth+}
   (You found it in a Gauntlet)

   [ring of flight]

   Dex:       It affects your dexterity (-2).
   rF:        It protects you from fire.
   rN:        It protects you from negative energy.
   Fly:       It grants you flight.
   Stlth:     It makes you more stealthy.
Wands
 b - a wand of paralysis (8)
 g - a wand of digging (13)
 l - a wand of flame (23)
 O - a wand of iceblast (6)
 U - a wand of polymorph (1)
Scrolls
 c - 5 scrolls of fog
 d - 2 scrolls of magic mapping
 e - 5 scrolls of poison {unknown}
 i - 7 scrolls of teleportation
 o - 5 scrolls of immolation {unknown}
 r - a scroll of amnesia {unknown}
 v - a scroll of brand weapon {unknown}
 x - 2 scrolls of acquirement {unknown}
 B - 3 scrolls of vulnerability {unknown}
 D - a scroll of fear
 E - 3 scrolls of noise {unknown}
 I - 3 scrolls of blinking {unknown}
 J - 3 scrolls of enchant armour {unknown}
 L - a scroll of silence {unknown}
Potions
 f - 4 potions of haste
 j - 2 potions of mutation
 p - 3 potions of cancellation
 q - 3 potions of might
 u - 2 potions of lignification
 w - 2 potions of attraction
 C - 2 potions of heal wounds
 G - 4 potions of curing
 K - a potion of ambrosia
Miscellaneous
 Y - a lightning rod (4/4)


   Skills:
 + Level 10.2 Fighting
 - Level 6.6(7.7) Axes
 + Level 6.0(7.4) Maces & Flails
 + Level 8.8 Throwing
 + Level 8.8 Armour
 + Level 9.1 Dodging
 - Level 4.5 Stealth
 + Level 9.6 Evocations


You had 12 spell levels left.
You didn't know any spells.
Your spell library contained the following spells:

 Spells                   Type           Power      Damage    Failure   Level
 Apportation              Tloc           0%         N/A       28%         1
 Necrotise                Necr           0%         1d4       28%         1
 Summon Small Mammal      Summ           0%         N/A       28%         1
 Ensorcelled Hibernation  Hex/Ice        0%         N/A       38%         2
 Call Canine Familiar     Summ           0%         N/A       63%         3
 Conjure Flame            Conj/Fire      0%         6-21      63%         3
 Ignite Poison            Fire/Tmut/Pois 0%         N/A       63%         3
 Portal Projectile        Hex/Tloc       0%         N/A       63%         3
 Spider Form              Tmut/Pois      0%         N/A       63%         3
 Summon Guardian Golem    Hex/Summ       0%         N/A       63%         3
 Anguish                  Hex/Necr       0%         N/A       95%         4
 Leda's Liquefaction      Hex/Erth       0%         N/A       95%         4
 Sticky Flame             Conj/Fire      0%         2d3       95%         4


Dungeon Overview and Level Annotations

Branches:
Dungeon (10/15)            Temple (1/1) D:7            Lair (4/5) D:8
  Swamp (0/4) Lair:2        Snake (0/4) Lair:3      Volcano (visited)
Gauntlet (visited)
  Slime: Lair:4-5       Orc: D:9-12

Altars:
Ashenzari
Cheibriados
Dithmenos
Fedhas
Gozag
Hepliaklqana
Kikubaaqudgha
Makhleb
Nemelex Xobeh
Okawaru
Qazlal
Ru
Sif Muna
Trog
Uskayaw
Vehumet
Wu Jian
Xom
Yredelemnul

Shops:
D:4 (*([(   D:5 *

Annotations:
D:7 1 runed translucent door, Stellion's ghost, novice DrFE


Innate Abilities, Weirdness & Mutations

You have hooves in place of feet.
You are mostly covered in thin metallic scales. (AC +3)
You are partially covered in sharp spines.


Message History

The eight-headed hydra barely misses you.
The eight-headed hydra bites you. x2
The eight-headed hydra bites you but does no damage.
The eight-headed hydra bites you!
The eight-headed hydra bites you but does no damage.
The eight-headed hydra closely misses you.
You hit the eight-headed hydra. You kick the eight-headed hydra!
The eight-headed hydra is heavily wounded.
The eight-headed hydra closely misses you.
The eight-headed hydra bites you! The eight-headed hydra bites you.
The eight-headed hydra bites you! x2
The eight-headed hydra completely misses you. x2
The eight-headed hydra bites you but does no damage.
You are too injured to fight recklessly!
Unknown command.
You are too injured to fight recklessly!
Unknown command.
You are too injured to fight recklessly!
You thump the eight-headed hydra! You kick the eight-headed hydra.
The eight-headed hydra is almost dead.
The eight-headed hydra is struck by your spines.
The eight-headed hydra closely misses you.
The eight-headed hydra bites you!
* * * LOW HITPOINT WARNING * * *
The eight-headed hydra closely misses you. x2
The eight-headed hydra completely misses you.
The eight-headed hydra bites you.
* * * LOW HITPOINT WARNING * * *
The eight-headed hydra bites you.
* * * LOW HITPOINT WARNING * * *
The eight-headed hydra bites you.
* * * LOW HITPOINT WARNING * * *
The eight-headed hydra closely misses you. x2
The eight-headed hydra bites you.
* * * LOW HITPOINT WARNING * * *
The eight-headed hydra bites you.
* * * LOW HITPOINT WARNING * * *
The eight-headed hydra bites you!
You die...
Your body crumbles into a pile of gold.

..............P##...#P....#
...................##
...................##
...^...............##
#....#.#...###.....#
#..P..#..........#
#P................#
##...............##
#@.........[....#
#.D..............P#
#P.##P.##.#.....###
....##..#.##....# P.#..
..P#.. ...P# ##.##..#<....
..# .. .. ... ... ...


You could see an eight-headed hydra.

Vanquished Creatures
  A minotaur (Gauntlet)
  A blizzard demon (Gauntlet)
  A fire dragon (Volcano)
  Harold (D:10)
  5 hydras
  A centaur warrior (D:9)
  Amaemon (D:9)
  4 lindwurms (Volcano)
  Pikel (D:8)
  12 black mambas
  15 elephants
  Maurice (D:8)
  Joseph (D:7)
  An orange demon (D:9)
  8 cane toads
  A smoke demon (Volcano)
  2 torpor snails
  3 rime drakes
  5 komodo dragons
  A minotaur zombie (Gauntlet)
  2 ice devils (Gauntlet)
  A tyrant leech (Lair:2)
  A troll (D:7)
  2 polar bears
  2 hornets (Gauntlet)
  Prince Ribbit (D:5)
  A shadow (D:9)
  10 yaks
  2 basilisks
  2 wraiths
  3 wyverns
  5 steam dragons
  Menkaure (D:5)
  2 swamp worms (Lair:2)
  An acid dragon (D:9)
  11 water moccasins
  A sky beast (D:7)
  4 black bears
  2 orc warriors
  2 centaurs (D:10)
  3 wolves (Lair:2)
  A phantom (D:4)
  12 bullfrogs
  6 scorpions
  2 necrophages
  A gnoll sergeant (D:9)
  16 killer bees
  10 howler monkeys
  An electric eel (D:6)
  2 hounds
  2 jellies
  3 orc priests
  A gnoll bouda (D:10)
  2 iguanas
  5 orc wizards
  Robin (D:3)
  7 gnolls
  5 adders
  An ufetubus (D:7)
  A worm (D:3)
  9 dart slugs
  15 orcs
  4 ball pythons
  5 endoplasms
  A giant cockroach (D:3)
  10 hobgoblins
  A jackal (D:2)
  2 kobolds
  3 quokkas
  5 bats
  5 frilled lizards
  16 goblins
  2 rats
  A butterfly (Lair:3)
283 creatures vanquished.

Vanquished Creatures (others)
  9 fungi
  8 plants
17 creatures vanquished.

Grand Total: 300 creatures vanquished

Notes
Turn   | Place    | Note
-------+----------+-------------------------------------------
     0 | D:5      | flotson the Demonspawn Delver began the quest for the Orb.
     0 | D:5      | Reached XP level 1. HP: 18/18 MP: 1/1
   100 | D:5      | Noticed a scorpion
   207 | D:4      | Found Gaepenyweh's Antique Weapon Emporium.
   207 | D:4      | Noticed an orc wizard
   207 | D:4      | Noticed an orc wizard
   220 | D:4      | Noticed a scorpion
   406 | D:3      | Found a blossoming altar of Fedhas.
   413 | D:3      | Gained mutation: You are partially covered in sharp spines.
                  | [demonic ancestry]
   413 | D:3      | Reached XP level 2. HP: 23/24 MP: 2/2
   461 | D:2      | Found a faded altar of an unknown god.
   921 | D:1      | Gained mutation: You have large cloven feet. [demonic
                  | ancestry]
   921 | D:1      | Reached XP level 3. HP: 25/29 MP: 3/3
  1556 | D:2      | Reached skill level 1 in Evocations
  1563 | D:2      | Reached skill level 1 in Armour
  1912 | D:3      | Reached skill level 1 in Throwing
  1912 | D:3      | Reached XP level 4. HP: 34/35 MP: 4/4
  2148 | D:3      | Noticed Robin
  2395 | D:2      | Reached XP level 5. HP: 37/41 MP: 5/5
  2426 | D:3      | Killed Robin
  2658 | D:4      | Noticed a phantom
  2672 | D:4      | Killed a phantom
  2673 | D:4      | Gained mutation: You are partially covered in thin metallic
                  | scales. (AC +2) [demonic ancestry]
  2673 | D:4      | Reached XP level 6. HP: 28/48 MP: 6/6
  2897 | D:4      | Reached skill level 4 in Fighting
  3258 | D:4      | Found Cuxu's Antique Weapon Shop.
  3317 | D:4      | Found Emutikk's Assorted Antiques.
  3326 | D:4      | Bought a scroll labelled NUMINEQ HOGE for 26 gold pieces
  3326 | D:4      | Bought 3 scrolls labelled SOIMNO EQAXOI for 78 gold pieces
  3326 | D:4      | Bought a scroll labelled FUROLO ARGHI for 26 gold pieces
  3326 | D:4      | Bought a scroll labelled NUMINEQ HOGE for 26 gold pieces
  3585 | D:4      | Gained mutation: You have hoof-like feet. [demonic
                  | ancestry]
  3585 | D:4      | Reached XP level 7. HP: 54/54 MP: 7/7
  3670 | D:4      | Found Ijurhuam's Antique Weapon Shoppe.
  3679 | D:4      | Found Ateal's Armour Emporium.
  3747 | D:4      | Found a bloodstained altar of Trog.
  4045 | D:5      | Identified the +6 dagger of Punishment {vamp, rN+ Str-5
                  | Int+4 Dex+2}
  4172 | D:5      | Noticed Menkaure
  4177 | D:5      | Killed Menkaure
  5089 | D:5      | Noticed Prince Ribbit
  5098 | D:5      | Killed Prince Ribbit
  5099 | D:5      | Reached XP level 8. HP: 41/61 MP: 8/8
  5434 | D:6      | Reached skill level 5 in Fighting
  6394 | D:7      | Noticed a troll
  6661 | D:7      | Noticed Joseph
  6689 | D:7      | Killed Joseph
  6850 | D:7      | Gained mutation: You are mostly covered in thin metallic
                  | scales. (AC +3) [demonic ancestry]
  6850 | D:7      | Reached XP level 9. HP: 68/68 MP: 9/9
  7142 | D:7      | Found a staircase to the Ecumenical Temple.
  7151 | Temple   | Entered the Ecumenical Temple
  7354 | D:7      | Found a runed translucent door.
  7354 | D:7      | Noticed Stellion's ghost (novice DrFE)
  7494 | D:7      | Killed a troll
  7495 | D:7      | Reached skill level 5 in Axes
  7711 | D:7      | Reached skill level 5 in Dodging
  7889 | D:8      | Found a broken altar of Ashenzari.
  7899 | D:8      | Reached skill level 6 in Fighting
  7899 | D:8      | Reached skill level 5 in Evocations
  7929 | D:8      | Found a burning altar of Makhleb.
  7958 | D:8      | Noticed an angel
  7958 | D:8      | Noticed a cacodemon
  7975 | D:8      | Noticed an elephant
  7976 | D:8      | Found a staircase to the Lair.
  7997 | D:8      | Killed an elephant
  8018 | D:8      | Noticed Pikel
  8189 | D:8      | Killed Pikel
  8190 | D:8      | Reached skill level 5 in Throwing
  8190 | D:8      | Reached skill level 5 in Armour
  8388 | D:8      | Reached XP level 10. HP: 66/77 MP: 10/10
  8911 | D:9      | Noticed a centaur warrior
  8918 | D:9      | Noticed Amaemon
  8921 | D:9      | Noticed an orange demon
  8980 | D:9      | Noticed Maurice
  9123 | D:8      | Killed Maurice
  9124 | D:8      | Reached skill level 7 in Fighting
  9312 | D:9      | Killed a centaur warrior
  9400 | D:9      | Found an opulent altar of Gozag.
  9401 | D:9      | Found a sparkling altar of Nemelex Xobeh.
  9406 | D:9      | Became a worshipper of Gozag Ym Sagoz the Greedy
  9609 | D:10     | Entered Level 10 of the Dungeon
  9771 | D:10     | Found a snail-covered altar of Cheibriados.
  9981 | D:10     | Noticed Harold
 10008 | D:10     | Killed Harold
 10013 | D:10     | Noticed a two-headed ogre
 10023 | D:10     | Identified the +9 morningstar "Divopt" {vorpal, Int+5}
 10055 | D:9      | Reached XP level 11. HP: 68/85 MP: 11/11
 10073 | D:9      | Killed Amaemon
 10293 | D:10     | Found a hazy altar of Hepliaklqana.
 10399 | Lair:1   | Entered Level 1 of the Lair of Beasts
 10420 | Lair:1   | Reached skill level 1 in Maces & Flails
 10425 | Lair:1   | Found a dark tunnel.
 10449 | Volcano  | Entered a volcano
 10482 | Volcano  | Noticed a lindwurm
 10501 | Volcano  | Noticed a lindwurm
 10511 | Volcano  | Killed a lindwurm
 10512 | Volcano  | Reached skill level 8 in Fighting
 10560 | Volcano  | Killed a lindwurm
 10627 | Volcano  | Noticed a lindwurm
 10628 | Volcano  | Noticed a lindwurm
 10637 | Volcano  | Killed a lindwurm
 10642 | Volcano  | Killed a lindwurm
 10691 | Volcano  | Noticed a fire dragon
 10705 | Volcano  | Killed a fire dragon
 10941 | Lair:1   | Noticed a six-headed hydra
 10948 | Lair:1   | Killed a six-headed hydra
 11695 | Lair:2   | Gained mutation: You have hooves in place of feet. [demonic
                  | ancestry]
 11695 | Lair:2   | Reached XP level 12. HP: 94/94 MP: 12/12
 11852 | Lair:2   | Identified the +0 robe of Peek-a-Boo {+Inv rN+}
 11982 | Lair:2   | Noticed a six-headed hydra
 11993 | Lair:2   | Killed a six-headed hydra
 11994 | Lair:2   | Reached skill level 9 in Fighting
 12041 | Lair:2   | Noticed a six-headed hydra
 12058 | Lair:2   | Killed a six-headed hydra
 12137 | Lair:2   | Found a staircase to the Swamp.
 12517 | Lair:3   | Found a gate leading to a gauntlet.
 12526 | Gauntlet | Entered a Gauntlet
 12526 | Gauntlet | Noticed a tengu warrior
 12526 | Gauntlet | Found a large runed translucent door.
 12526 | Gauntlet | Found a large runed translucent door.
 12526 | Gauntlet | Found a large runed translucent door.
 12526 | Gauntlet | Found a large runed translucent door.
 12526 | Gauntlet | Found a runed translucent door.
 12526 | Gauntlet | Found a large runed translucent door.
 12526 | Gauntlet | Found a large runed translucent door.
 12526 | Gauntlet | Found a transporter.
 12526 | Gauntlet | Found a large runed translucent door.
 12526 | Gauntlet | Found a large runed translucent door.
 12526 | Gauntlet | Found a runed translucent door.
 12526 | Gauntlet | Found a runed translucent gate.
 12526 | Gauntlet | Found a runed translucent door.
 12526 | Gauntlet | Found a runed translucent gate.
 12526 | Gauntlet | Found a transporter.
 12526 | Gauntlet | Found a transporter.
 12536 | Gauntlet | Found a transporter.
 12539 | Gauntlet | Found a transporter.
 12546 | Gauntlet | Found a runed translucent door.
 12548 | Gauntlet | Found a transporter.
 12550 | Gauntlet | Found a transporter.
 12557 | Gauntlet | Noticed a cacodemon
 12558 | Gauntlet | Found a transporter.
 12573 | Gauntlet | Found a transporter.
 12581 | Gauntlet | Noticed a blizzard demon
 12595 | Gauntlet | Found a transporter.
 12596 | Gauntlet | Found a transporter.
 12606 | Gauntlet | Found a transporter.
 12611 | Gauntlet | Found a runed translucent gate.
 12612 | Gauntlet | Found a large runed translucent door.
 12612 | Gauntlet | Found a large runed translucent door.
 12613 | Gauntlet | Found a large runed translucent door.
 12614 | Gauntlet | Found a large runed translucent door.
 12615 | Gauntlet | Found a large runed translucent door.
 12615 | Gauntlet | Found a large runed translucent door.
 12615 | Gauntlet | Found a runed translucent door.
 12616 | Gauntlet | Found a large runed translucent door.
 12617 | Gauntlet | Found a large runed translucent door.
 12742 | Gauntlet | Paralysed by a hornet for 2 turns
 12746 | Gauntlet | Paralysed by a hornet for 2 turns
 12876 | Gauntlet | Killed a blizzard demon
 12897 | Gauntlet | Identified the +2 hat "Rihal Pas" {Rampage *Corrode Dex+2}
 12957 | Gauntlet | Identified the ring "Tudanotzuq" {Ice Will+ Dex+6}
 12957 | Gauntlet | Noticed a minotaur
 12962 | Gauntlet | Killed a minotaur
 12963 | Gauntlet | Reached skill level 5 in Maces & Flails
 12966 | Gauntlet | Identified the ring of Paranoia {Fly rF+ rN+ Dex-2 Stlth+}
 13108 | Lair:3   | Reached XP level 13. HP: 103/103 MP: 13/13
 13307 | Lair:3   | Found a staircase to the Snake Pit.
 13324 | Lair:3   | Reached skill level 10 in Fighting
 13329 | Lair:3   | HP: 6/154 [poisoned by a black mamba]
 13334 | Lair:3   | HP: 3/154 [poisoned by a black mamba]
 13339 | Lair:3   | HP: 3/103 [poisoned by a black mamba]
 14019 | Lair:4   | Slain by an eight-headed hydra

Illustrated notes

Levels and vault maps discovered:
D:1:      dpeg_arrival_signposts, layout_loops_ring,
          amcnicky_mini_rare_corridor_liquid
D:2:      layout_loops_ring, ebering_ecumenical_altar_mist, serial_park_tiny_2,
          hangedman_feature_mirror, kennysheep_generic_room_7
D:3:      layout_rooms, fedhas_altar_3, uniq_robin
D:4:      layout_loops_corners, mainiacjoe_overflow_alcove_4, serial_shops,
          nicolae_shop_stone, nicolae_take_the_stairs, shop, shop, shop,
          item_on_display_a
D:5:      layout_basic, serial_shops, nicolae_stop_n_shop_1, grunt_ministairs_8,
          uniq_prince_ribbit1, uniq_menkaure
D:6:      kennysheep_slugbush, layout_gridville, minmay_misc_feat_iff
D:7:      layout_basic, minmay_temple_entry_antechambers,
          hellmonk_ghost_happy_afterlife, uniq_joseph
D:8:      layout_basic, grunt_temple_overflow_order_and_chaos_2,
          ashenzari_altar_1, david_lair_generic, dreamdust_princess_corridor,
          uniq_pikel
D:9:      layout_cave_pools, grunt_temple_overflow_opulence, uniq_amaemon,
          uniq_maurice
D:10:     layout_roguey, marbit_many_paths, mainiacjoe_overflow_small_starburst,
          uniq_harold
Temple:   nicolae_temple_bog_church
Lair:1:   layout_misc_corridors, nicolae_volcano_entry_lava_flow,
          infiniplex_staircase_pool_2
Lair:2:   layout_misc_corridors, palyth_hydra_swamp_entry, beast_lair_carwin_4
Lair:3:   layout_chaotic_city, minmay_snake_entry_six_corridors,
          gauntlet_entry_generic, lemuel_fruit_fields
Lair:4:   layout_gridlike, basic_altar

Skill      XL: |  1  2  3  4  5  6  7  8  9 10 11 12 13 |
---------------+----------------------------------------+-----
Dodging        | 2 3 4 5 6 7 8 9 |  9.1
Axes           | 2 3 4 5 6 |  6.6
Evocations     | 1 2 3 4 5 6 8 9 |  9.6
Armour         | 1 2 3 4 5 6 7 8 |  8.8
Throwing       | 1 2 3 4 5 6 7 8 |  8.8
Fighting       | 4 5 6 7 8 9 10 | 10.2
Maces & Flails | 3 5 6 |  6.0
Stealth        | |  4.5

Action                   |  1- 3 |  4- 6 |  7- 9 | 10-12 | 13-15 || total
-------------------------+-------+-------+-------+-------+-------++-------
Melee: Battleaxe         |    61 |    74 |   178 |   166 |       ||   479
       Hand axe          |     2 |       |       |       |       ||     2
       Morningstar       |       |       |       |   235 |   102 ||   337
       Kick              |       |       |       |    63 |    40 ||   103
Throw: Dart              |       |       |     5 |     3 |       ||     8
Evoke: Wand              |       |       |     6 |     4 |       ||    10
  Use: Scroll            |     1 |       |     1 |    13 |     2 ||    17
       Potion            |       |       |       |     1 |       ||     1
 Stab: Sleeping          |     1 |     1 |     2 |     4 |     1 ||     9
       Distracted        |       |       |     1 |     3 |       ||     4
Armor: Chain mail        |    48 |    50 |       |       |       ||    98
       Ring mail         |       |     8 |    74 |    51 |       ||   133
       Acid dragon scale |       |       |       |   131 |    64 ||   195
       Plate armour      |       |       |       |    63 |       ||    63
Dodge: Dodged            |    24 |    37 |   205 |   501 |   119 ||   886

Table legend: (Time is in decaauts)
 A = Elapsed time spent in this place.
 B = Non-inter-level travel time spent in this place.
 C = Inter-level travel time spent in this place.
 D = Time resting spent in this place.
 E = Time spent auto-exploring this place.
 F = Levels seen in this place.
 G = Mean time per level.
                   A        B        C        D        E       F      G
               +--------+--------+--------+--------+--------+-----+--------+
         Total |  14573 |  13984 |    589 |    676 |  10450 |  17 |  857.2 |
       Dungeon |  10515 |  10042 |    473 |    578 |   7763 |  10 | 1051.5 |
        Temple |    166 |    142 |     24 |      0 |    130 |   1 |  166.0 |
          Lair |   2986 |   2895 |     91 |     55 |   2183 |   4 |  746.5 |
       Volcano |    369 |    369 |      0 |      0 |    188 |   1 |  369.0 |
      Gauntlet |    535 |    535 |      0 |     43 |    185 |   1 |  535.0 |
               +--------+--------+--------+--------+--------+-----+--------+

Top non-repeatable levels by time:
     D:5: 1623 daAuts
     D:4: 1498 daAuts
     D:8: 1250 daAuts
     D:6: 1242 daAuts
     D:7: 1116 daAuts
     D:2: 1061 daAuts
  Lair:3: 964 daAuts
  Lair:1: 937 daAuts
  Lair:2: 930 daAuts
     D:1: 741 daAuts
    D:10: 721 daAuts
     D:9: 669 daAuts
     D:3: 591 daAuts
Gauntlet: 535 daAuts
 Volcano: 369 daAuts
